 Dungeon Crawl Stone Soup version 0.29.0-4-gdea44cf6ec (webtiles) character file.

Game seed: 4006703602659436199

2 qw the Sneak (level 1, -2/14 HPs)
             Began as a Gargoyle Delver on Sept 10, 2022.
             Slain by a black bear (3 damage)
             ... on level 5 of the Dungeon.
             The game lasted 00:00:03 (153 turns).

qw the Sneak (Gargoyle Delver)                       Turns: 153, Time: 00:00:04

Health: -2/14      AC:  5    Str: 15    XL:     1   Next: 30%
Magic:  1/1        EV: 11    Int: 10    God:
Gold:   29         SH:  0    Dex: 11    Spells: 0/0 levels left

rFire   . . .      SeeInvis .   a - +0 hand axe
rCold   . . .      Faith    .   (no shield)
rNeg    + . .      Spirit   .   b - +0 leather armour
rPois   inf        Reflect  .   (no helmet)
rElec   +          Harm     .   (no cloak)
rCorr   .          Rampage  .   (no gloves)
Will    .....                   (no boots)
Stlth   +++.......              (no amulet)
HPRegen 0.04/turn               (no ring)
MPRegen 0.07/turn               (no ring)

@: no status effects
A: sickness immunity, AC +2, negative energy resistance 1, electricity
resistance, torment resistance 1, petrification resistance
a: no special abilities


You were on level 5 of the Dungeon.
You visited 1 branch of the dungeon, and saw 1 of its levels.

You collected 29 gold pieces.


Innate Abilities, Weirdness & Mutations

You are immune to sickness and miasma.
Your stone body is resilient. (AC +2)
You are immune to poison.
You resist negative energy. (rN+)
You are resistant to electric shocks. (rElec)
You are resistant to unholy torment.
You are immune to petrification.


   Skills:
 - Level 3.2 Fighting
 + Level 2.0 Axes
 - Level 1.5 Dodging
 - Level 5.4 Stealth


You couldn't memorise any spells.
You didn't know any spells.
Your spell library was empty.

Inventory:

Hand Weapons
 a - a +0 hand axe (weapon)
 i - a +0 whip
Armour
 b - a +0 leather armour (worn)
Wands
 g - a wand of digging (3)
Scrolls
 c - a scroll of fog
 d - a scroll of magic mapping
 e - a scroll of fear
 h - a scroll of torment {unknown}
Potions
 f - a potion of haste

Dungeon Overview and Level Annotations

Branches:
Dungeon (5/15)
 Temple: D:4-7

Altars:


Message History

HP restored.
Things that are here:
a +0 club; a +0 leather armour; an orc corpse
Found a sharpened fluorescent wand.
Enter note: A dart slug comes into view.
You see here a wand of iceblast (10).
115 ||| Stepping ~*~*~tactically~*~*~ (hiding).
You start waiting.
A black bear comes into view.
121 ||| Stepping ~*~*~tactically~*~*~ (stealth).
You start waiting.
A black bear is nearby!
141 ||| Stepping ~*~*~tactically~*~*~ (stealth).
143 ||| Stepping ~*~*~tactically~*~*~ (stealth).
146 ||| Stepping ~*~*~tactically~*~*~ (stealth).
The dart slug launches a dart at you. The slug dart hits you.
Found an escape hatch in the ceiling.
The black bear growls angrily.
The black bear bites you.
The black bear claws you but does no damage.
The black bear claws you.
You barely miss the black bear. You hit the dart slug.
The dart slug bites you but does no damage.
The black bear closely misses you.
The black bear claws you but does no damage. x2
You hit the dart slug.
The dart slug is severely wounded.
You closely miss the black bear. The black bear closely misses you.
The black bear claws you. The black bear closely misses you.
The dart slug bites you but does no damage.
You hit the dart slug.
You kill the dart slug!
You hit the black bear.
The black bear bites you but does no damage.
The black bear claws you but does no damage.
The black bear claws you. The black bear bites you.
You die...

#........##
#.........#.#
#.....##..#.#
#.######..#.#
#. #./#.# #
#....#
##.#..#####
#.........#
#..@..##..
#.#.h## ..
#..#.# . ##.
.. #. ... #.
.##. #. ## ..
#. .<


You could see a black bear.

Vanquished Creatures
  A dart slug (D:5)
  An orc (D:5)
2 creatures vanquished.

Notes
Turn   | Place    | Note
-------+----------+-------------------------------------------
     0 | D:5      | qw the Gargoyle Delver began the quest for the Orb.
     0 | D:5      | Reached XP level 1. HP: 14/14 MP: 1/1
     0 | D:5      | 0 ||| qw: Version: 0.1-a-116-g5d60599
     0 | D:5      | 0 ||| qw: Game counter: 8813
     0 | D:5      | 0 ||| qw: Always use a shield: true
     0 | D:5      | 0 ||| qw: God list: Okawaru
     0 | D:5      | 0 ||| qw: Allow faded altars: false
     0 | D:5      | 0 ||| qw: Do Orc after D:15 true
     0 | D:5      | 0 ||| qw: Do second Lair branch before Depths: true
     0 | D:5      | 0 ||| qw: Lair rune preference: random
     0 | D:5      | 0 ||| qw: Plans: Normal
     0 | D:5      | 0 ||| PLANNING D:1-11
   115 | D:5      | 115 ||| Stepping ~*~*~tactically~*~*~ (hiding).
   120 | D:5      | Noticed a black bear
   121 | D:5      | 121 ||| Stepping ~*~*~tactically~*~*~ (stealth).
   141 | D:5      | 141 ||| Stepping ~*~*~tactically~*~*~ (stealth).
   143 | D:5      | 143 ||| Stepping ~*~*~tactically~*~*~ (stealth).
   146 | D:5      | 146 ||| Stepping ~*~*~tactically~*~*~ (stealth).
   152 | D:5      | HP: 3/14 [black bear (1)]
   153 | D:5      | HP: 1/14 [black bear (2)]
   153 | D:5      | Slain by a black bear

Levels and vault maps discovered:
D:5:      layout_rooms, mainiacjoe_overflow_concentric_impassable,
          uniq_blork_the_orc

Skill      XL: |  1 |
---------------+----+-----
Axes           | 2 |  2.0
Fighting       | |  3.2
Dodging        | |  1.5
Stealth        | |  5.4

Action                   || total
-------------------------++-------
Melee: Hand axe          ||     9
Armor: Leather armour    ||     7
Dodge: Dodged            ||     7

Table legend:
 A = Non-vault XP
 B = Vault XP
 C = Vault XP percentage of total XP
 D = Non-vault monster count
 E = Vault monster count
 F = Vault count percentage of total count
                 A         B        C        D         E       F
            +---------+---------+-------+---------+---------+-------
      Total |       7 |       0 |   0.0 |       2 |       0 |   0.0
            +---------+---------+-------+---------+---------+-------
        D:5 |       7 |       0 |   0.0 |       2 |       0 |   0.0
            +---------+---------+-------+---------+---------+-------
